[ AOE2 MATCH · #477784172 ]
UnrankedSaracens vs Japanese
[ REPLAY ANALYSIS · EXTRACTED FROM THE RECORDED GAME ]
Feudal
5:05
Castle
8:03
Imperial
19:56
| APM avg | 34.5 |
| APM peak | 70 |
| eAPM avg | 24.3 |
| Villagers / military | 132 / 101 |
Focus
⚔️ 22.9% · 🌾 77.1%
Trade Cart ×75 · Mameluke ×45 · Mangonel ×38 · Fishing Ship ×14 · Monk ×11 · Bombard Cannon ×7
Feudal
2:12
Castle
4:43
Imperial
17:39
| APM avg | 20.4 |
| APM peak | 46 |
| eAPM avg | 17.6 |
| Villagers / military | 196 / 114 |
Focus
⚔️ 26.8% · 🌾 73.2%
War Elephant ×114 · Trade Cart ×81
Feudal
2:21
Castle
6:52
Imperial
18:34
| APM avg | 15.6 |
| APM peak | 57 |
| eAPM avg | 11.1 |
| Villagers / military | 107 / 72 |
Focus
⚔️ 26.5% · 🌾 73.5%
Mangudai ×60 · Mangonel ×10 · Monk ×2
Feudal
4:39
Castle
8:36
Imperial
18:49
| APM avg | 17.1 |
| APM peak | 47 |
| eAPM avg | 16.6 |
| Villagers / military | 161 / 417 |
Focus
⚔️ 37.6% · 🌾 62.4%
Spearman ×270 · Serjeant ×142 · Trade Cart ×114 · Trebuchet (Packed) ×4 · Monk ×1
Feudal
—
Castle
—
Imperial
—
| APM avg | 593.9 |
| APM peak | 1020 |
| eAPM avg | 593.6 |
| Villagers / military | 0 / 62 |
Focus
⚔️ 34.5% · 🌾 65.5%
Militia ×16 · Spearman ×16 · Scout Cavalry ×16 · Trebuchet (Packed) ×14
Feudal
—
Castle
—
Imperial
—
| APM avg | 584.3 |
| APM peak | 996 |
| eAPM avg | 584.1 |
| Villagers / military | 0 / 61 |
Focus
⚔️ 36.7% · 🌾 63.3%
Knight ×22 · Tarkan ×22 · Trebuchet (Packed) ×9 · Cavalry Archer ×8
Feudal
—
Castle
—
Imperial
—
| APM avg | 792.3 |
| APM peak | 1407 |
| eAPM avg | 792.3 |
| Villagers / military | 0 / 101 |
Focus
⚔️ 38.3% · 🌾 61.7%
Spearman ×18 · Coustillier ×18 · Bombard Cannon ×18 · Hand Cannoneer ×17 · Knight ×15 · Trebuchet (Packed) ×15
Feudal
—
Castle
—
Imperial
—
| APM avg | 605.8 |
| APM peak | 1148 |
| eAPM avg | 605.4 |
| Villagers / military | 0 / 93 |
Focus
⚔️ 42.5% · 🌾 57.5%
Cataphract ×35 · Hand Cannoneer ×35 · Spearman ×22 · Trebuchet (Packed) ×1
Match map
Initial resources + every placement click. Lines = walls · curves = elevation contours. ◆ gold · ⬟ stone · ● berries · ✦ relic · ◌ wall gap
Your base· ✓ Closed at 8:03 · 41t walls · no gate
3358262197's base· ✓ Closed at 4:43 · 31t walls · no gate
建安军神's base· ✓ Closed at 6:52 · 0t walls · no gate
RAFFAELE's base· ✓ Closed at 8:36 · 51t walls · no gate
's base· Open — opponent sealed themselves in
's base· Open — opponent sealed themselves in
's base· Open — opponent sealed themselves in
's base· Open — opponent sealed themselves in
Smoothed initial terrain · ◌ = detected wall gap · hover for details
Inputs per minute
— F1sh1314 - - 3358262197
Build order — F1sh1314
First 150 of 560 actions detected
| 0:05 | Build | House |
| 0:11 | Create | Villager (Male) |
| 0:11 | Create | Villager (Male) |
| 0:12 | Create | Villager (Male) |
| 0:13 | Create | Villager (Male) |
| 0:13 | Create | Villager (Male) |
| 0:13 | Create | Villager (Male) |
| 0:14 | Create | Villager (Male) |
| 0:15 | Create | Villager (Male) |
| 0:15 | Create | Villager (Male) |
| 0:15 | Create | Villager (Male) |
| 0:16 | Create | Villager (Male) |
| 0:16 | Create | Villager (Male) |
| 0:17 | Create | Villager (Male) |
| 0:17 | Create | Villager (Male) |
| 0:22 | Create | Villager (Male) |
| 0:31 | Build | Palisade Wall |
| 0:46 | Research | Loom |
| 0:47 | Create | Villager (Male) |
| 0:48 | Create | Villager (Male) |
| 0:48 | Create | Villager (Male) |
| 0:48 | Create | Villager (Male) |
| 0:49 | Create | Villager (Male) |
| 0:52 | Create | Villager (Male) |
| 0:52 | Create | Villager (Male) |
| 0:53 | Create | Villager (Male) |
| 0:53 | Create | Villager (Male) |
| 1:16 | Build | Lumber Camp |
| 1:21 | Create | Villager (Male) |
| 1:22 | Create | Villager (Male) |
| 1:22 | Create | Villager (Male) |
| 1:22 | Create | Villager (Male) |
| 2:34 | Build | Dock |
| 3:09 | Create | Fishing Ship |
| 3:09 | Create | Fishing Ship |
| 3:10 | Create | Fishing Ship |
| 3:20 | Build | Mining Camp |
| 3:28 | Build | Mining Camp |
| 3:53 | Build | Mining Camp |
| 4:13 | Research | Feudal Age |
| 4:17 | Build | Mill |
| 4:30 | Build | House |
| 4:31 | Build | House |
| 4:33 | Build | House |
| 5:01 | Create | Fishing Ship |
| 5:05 | Age | Feudal Age |
| 5:25 | Build | Market |
| 5:26 | Create | Villager (Male) |
| 5:34 | Build | Blacksmith |
| 5:48 | Create | Villager (Male) |
| 6:22 | Build | House |
| 6:23 | Build | House |
| 6:25 | Build | House |
| 6:32 | Build | Stone Wall |
| 6:33 | Build | Stone Wall |
| 6:36 | Build | Stone Wall |
| 6:59 | Research | Castle Age |
| 7:06 | Build | Mining Camp |
| 7:10 | Research | Double-Bit Axe |
| 7:10 | Research | Double-Bit Axe |
| 7:19 | Build | Fish Trap |
| 7:21 | Build | Fish Trap |
| 7:26 | Build | Fish Trap |
| 7:33 | Build | Fish Trap |
| 7:36 | Create | Fishing Ship |
| 7:36 | Create | Fishing Ship |
| 8:03 | Age | Castle Age |
| 8:09 | Build | Town Center |
| 8:10 | Create | Villager (Male) |
| 8:11 | Create | Villager (Male) |
| 8:34 | Build | Town Center |
| 8:40 | Research | Bow Saw |
| 8:43 | Build | House |
| 8:44 | Create | Villager (Male) |
| 8:55 | Build | Fish Trap |
| 9:02 | Build | Fish Trap |
| 9:06 | Create | Fishing Ship |
| 9:07 | Create | Villager (Male) |
| 9:12 | Create | Villager (Male) |
| 9:13 | Create | Villager (Male) |
| 9:13 | Create | Villager (Male) |
| 9:24 | Build | Stone Wall |
| 9:29 | Create | Villager (Male) |
| 9:36 | Build | House |
| 9:45 | Create | Villager (Male) |
| 9:46 | Create | Villager (Male) |
| 9:55 | Build | Fish Trap |
| 9:58 | Create | Fishing Ship |
| 9:58 | Create | Fishing Ship |
| 9:59 | Create | Villager (Male) |
| 10:05 | Create | Villager (Male) |
| 10:06 | Create | Villager (Male) |
| 10:18 | Build | Town Center |
| 10:24 | Create | Villager (Male) |
| 10:30 | Create | Villager (Male) |
| 10:42 | Build | Fish Trap |
| 10:44 | Create | Villager (Male) |
| 10:46 | Research | Wheelbarrow |
| 10:54 | Create | Villager (Male) |
| 11:03 | Build | Town Center |
| 11:05 | Create | Villager (Male) |
| 11:15 | Create | Villager (Male) |
| 11:19 | Create | Villager (Male) |
| 11:25 | Build | Fish Trap |
| 11:35 | Build | Dock |
| 11:37 | Create | Villager (Male) |
| 11:40 | Create | Villager (Male) |
| 11:46 | Build | Mining Camp |
| 11:51 | Create | Villager (Male) |
| 12:00 | Create | Villager (Male) |
| 12:04 | Create | Fishing Ship |
| 12:04 | Create | Fishing Ship |
| 12:05 | Create | Fishing Ship |
| 12:06 | Create | Villager (Male) |
| 12:06 | Create | Villager (Male) |
| 12:08 | Create | Villager (Male) |
| 12:12 | Create | Villager (Male) |
| 12:13 | Create | Villager (Male) |
| 12:18 | Build | House |
| 12:19 | Build | House |
| 12:21 | Build | House |
| 12:23 | Create | Villager (Male) |
| 12:30 | Build | Market |
| 12:34 | Research | Caravan |
| 12:36 | Create | Villager (Male) |
| 12:36 | Create | Villager (Male) |
| 12:38 | Create | Villager (Male) |
| 12:42 | Create | Villager (Male) |
| 12:42 | Create | Villager (Male) |
| 12:49 | Build | Fish Trap |
| 13:02 | Build | Fish Trap |
| 13:15 | Build | Fish Trap |
| 13:18 | Create | Fishing Ship |
| 13:18 | Create | Fishing Ship |
| 13:19 | Create | Villager (Male) |
| 13:19 | Create | Villager (Male) |
| 13:20 | Create | Villager (Male) |
| 13:21 | Create | Villager (Male) |
| 13:21 | Create | Villager (Male) |
| 13:21 | Create | Villager (Male) |
| 13:22 | Create | Villager (Male) |
| 13:26 | Research | Horse Collar |
| 13:31 | Build | Farm |
| 13:32 | Build | Farm |
| 13:33 | Build | Farm |
| 13:34 | Build | Farm |
| 13:34 | Build | Farm |
| 13:34 | Build | Farm |
| 13:35 | Build | Farm |
| 13:38 | Create | Villager (Male) |
Build order — 3358262197
First 150 of 418 actions detected
| 0:13 | Build | Mill |
| 0:16 | Build | Lumber Camp |
| 0:27 | Build | House |
| 0:27 | Build | House |
| 0:28 | Build | House |
| 0:29 | Build | House |
| 0:29 | Build | House |
| 0:30 | Build | House |
| 0:31 | Build | House |
| 0:35 | Create | Villager (Male) |
| 0:35 | Create | Villager (Male) |
| 1:22 | Research | Feudal Age |
| 1:39 | Create | Villager (Male) |
| 1:40 | Create | Villager (Male) |
| 2:12 | Age | Feudal Age |
| 2:33 | Build | Blacksmith |
| 2:43 | Build | Market |
| 3:23 | Create | Villager (Male) |
| 3:33 | Research | Castle Age |
| 4:06 | Build | Stone Wall |
| 4:08 | Build | Stone Wall |
| 4:39 | Build | Farm |
| 4:39 | Build | Farm |
| 4:39 | Build | Farm |
| 4:41 | Build | Farm |
| 4:42 | Build | Farm |
| 4:43 | Age | Castle Age |
| 4:52 | Build | Town Center |
| 4:59 | Create | Villager (Male) ×5 |
| 4:59 | Create | Villager (Male) |
| 5:27 | Create | Villager (Male) |
| 6:01 | Build | Town Center |
| 6:13 | Build | Town Center |
| 6:21 | Create | Villager (Male) ×4 |
| 6:47 | Build | Farm |
| 6:47 | Build | Farm |
| 6:47 | Build | Farm |
| 6:48 | Build | Farm |
| 6:48 | Build | Farm |
| 6:48 | Build | Farm |
| 6:49 | Build | Farm |
| 6:50 | Build | Farm |
| 7:16 | Build | House |
| 7:16 | Build | House |
| 7:17 | Build | House |
| 7:18 | Build | House |
| 7:18 | Build | House |
| 7:28 | Build | Stone Wall |
| 7:32 | Build | Stone Wall |
| 7:37 | Build | Stone Wall |
| 7:39 | Build | Stone Wall |
| 7:47 | Create | Villager (Male) ×5 |
| 7:48 | Create | Villager (Male) ×3 |
| 7:48 | Create | Villager (Male) ×4 |
| 8:18 | Build | Mining Camp |
| 8:25 | Research | Loom |
| 8:26 | Research | Wheelbarrow |
| 8:26 | Create | Villager (Male) |
| 8:31 | Create | Villager (Male) |
| 8:49 | Create | Villager (Male) ×3 |
| 9:02 | Build | House |
| 9:03 | Build | House |
| 9:03 | Build | House |
| 9:04 | Build | House |
| 9:04 | Build | House |
| 9:08 | Research | Scale Mail Armor |
| 9:19 | Create | Villager (Male) ×2 |
| 9:19 | Create | Villager (Male) |
| 9:29 | Research | Double-Bit Axe |
| 9:34 | Research | Horse Collar |
| 10:07 | Build | Town Center |
| 10:19 | Research | Hand Cart |
| 10:20 | Create | Villager (Male) ×5 |
| 10:20 | Create | Villager (Male) ×5 |
| 10:45 | Build | Farm |
| 10:45 | Build | Farm |
| 10:45 | Build | Farm |
| 10:46 | Build | Farm |
| 10:46 | Build | Farm |
| 10:46 | Build | Farm |
| 10:47 | Build | Farm |
| 10:47 | Build | Farm |
| 10:47 | Build | Farm |
| 10:55 | Create | Villager (Male) ×5 |
| 10:55 | Create | Villager (Male) ×2 |
| 11:13 | Build | Farm |
| 11:13 | Build | Farm |
| 11:13 | Build | Farm |
| 11:14 | Build | Farm |
| 11:36 | Build | House |
| 11:37 | Build | House |
| 11:38 | Build | House |
| 11:45 | Build | Farm |
| 11:51 | Create | Villager (Male) ×5 |
| 11:52 | Create | Villager (Male) ×5 |
| 11:55 | Research | Bow Saw |
| 11:57 | Research | Heavy Plow |
| 12:04 | Create | Villager (Male) ×5 |
| 12:04 | Create | Villager (Male) ×5 |
| 12:32 | Build | Market |
| 12:35 | Build | Market |
| 12:39 | Build | Market |
| 12:41 | Build | Market |
| 12:42 | Build | Market |
| 12:42 | Build | Market |
| 12:55 | Build | House |
| 12:57 | Build | House |
| 12:58 | Build | House |
| 13:00 | Build | House |
| 13:02 | Build | House |
| 13:02 | Build | House |
| 13:03 | Build | House |
| 13:12 | Build | Farm |
| 13:12 | Build | Farm |
| 13:13 | Build | Farm |
| 13:13 | Build | Farm |
| 13:13 | Build | Farm |
| 13:14 | Build | Farm |
| 13:14 | Build | Farm |
| 13:18 | Create | Villager (Male) ×5 |
| 13:19 | Create | Villager (Male) ×5 |
| 13:19 | Create | Villager (Male) ×5 |
| 13:19 | Create | Villager (Male) ×5 |
| 13:20 | Create | Villager (Male) ×3 |
| 13:32 | Build | Stone Wall |
| 13:35 | Build | Stone Wall |
| 13:40 | Build | Stone Wall |
| 13:42 | Build | Stone Wall |
| 13:46 | Build | Stone Wall |
| 13:48 | Build | Stone Wall |
| 14:02 | Create | Villager (Male) ×5 |
| 14:15 | Create | Villager (Male) ×5 |
| 14:16 | Create | Villager (Male) ×5 |
| 14:16 | Create | Villager (Male) ×3 |
| 14:25 | Build | Monastery |
| 14:29 | Build | University |
| 14:33 | Build | Mining Camp |
| 14:38 | Research | Stone Mining |
| 14:39 | Research | Gold Mining |
| 15:17 | Build | Farm |
| 15:17 | Build | Farm |
| 15:17 | Build | Farm |
| 15:18 | Build | Farm |
| 15:18 | Build | Farm |
| 15:18 | Build | Farm |
| 15:19 | Build | Farm |
| 15:23 | Research | Imperial Age |
| 15:25 | Create | Villager (Male) ×5 |
| 15:25 | Create | Villager (Male) ×2 |
| 16:02 | Build | Mining Camp |
Build order — 建安军神
First 150 of 234 actions detected
| 0:17 | Build | Mill |
| 0:56 | Build | Mining Camp |
| 1:00 | Create | Villager (Male) |
| 1:01 | Create | Villager (Male) |
| 1:29 | Research | Feudal Age |
| 2:21 | Age | Feudal Age |
| 2:24 | Research | Wheelbarrow |
| 2:25 | Research | Town Watch |
| 3:24 | Create | Villager (Male) ×5 |
| 4:11 | Build | Barracks |
| 4:27 | Research | Horse Collar |
| 4:41 | Build | Market |
| 4:51 | Build | Blacksmith |
| 4:59 | Build | Archery Range |
| 5:08 | Build | House |
| 5:09 | Build | House |
| 5:10 | Build | House |
| 5:11 | Build | House |
| 5:33 | Research | Castle Age |
| 6:05 | Build | Farm |
| 6:07 | Build | Farm |
| 6:45 | Build | Lumber Camp |
| 6:49 | Create | Villager (Male) ×5 |
| 6:52 | Age | Castle Age |
| 7:31 | Research | Double-Bit Axe |
| 8:46 | Build | Farm |
| 8:48 | Research | Heavy Plow |
| 8:57 | Research | Bow Saw |
| 9:35 | Build | Mining Camp |
| 9:53 | Build | Town Center |
| 10:00 | Create | Villager (Male) ×5 |
| 10:33 | Build | Lumber Camp |
| 11:06 | Build | Town Center |
| 11:13 | Create | Villager (Male) |
| 11:13 | Create | Villager (Male) |
| 11:14 | Create | Villager (Male) |
| 11:19 | Build | Farm |
| 11:23 | Build | Farm |
| 11:55 | Build | Monastery |
| 12:20 | Create | Villager (Male) ×5 |
| 12:21 | Create | Villager (Male) ×5 |
| 12:25 | Build | Farm |
| 12:26 | Build | Farm |
| 12:29 | Create | Villager (Male) ×5 |
| 12:59 | Build | Farm |
| 13:06 | Research | Hand Cart |
| 13:21 | Build | Farm |
| 13:33 | Research | Loom |
| 13:57 | Build | Farm |
| 14:08 | Create | Villager (Male) ×5 |
| 14:18 | Build | Farm |
| 14:41 | Build | Farm |
| 14:58 | Build | House |
| 14:59 | Build | House |
| 15:00 | Build | House |
| 15:01 | Build | House |
| 15:31 | Research | Gold Mining |
| 15:33 | Research | Stone Mining |
| 15:41 | Research | Town Patrol |
| 15:55 | Build | University |
| 15:57 | Create | Monk |
| 16:12 | Build | Castle |
| 16:17 | Build | Castle |
| 16:41 | Research | Fervor |
| 16:42 | Research | Devotion |
| 16:46 | Create | Monk |
| 17:18 | Research | Imperial Age |
| 17:21 | Create | Villager (Male) ×5 |
| 17:29 | Create | Villager (Male) ×5 |
| 17:46 | Research | Devotion |
| 17:57 | Build | Mining Camp |
| 18:08 | Build | Farm |
| 18:15 | Build | Farm |
| 18:26 | Build | Lumber Camp |
| 18:30 | Build | Lumber Camp |
| 18:34 | Age | Imperial Age |
| 18:34 | Build | Lumber Camp |
| 18:46 | Create | Villager (Male) ×5 |
| 18:52 | Research | Murder Holes |
| 18:53 | Research | Masonry |
| 18:55 | Research | Ballistics |
| 18:56 | Research | Chemistry |
| 18:56 | Research | Guard Tower (upgrade) |
| 19:47 | Build | Mining Camp |
| 19:55 | Build | Farm |
| 19:58 | Build | Farm |
| 20:17 | Create | Villager (Male) |
| 20:17 | Create | Villager (Male) |
| 20:18 | Create | Villager (Male) |
| 20:21 | Build | Farm |
| 20:23 | Build | Farm |
| 20:24 | Build | Farm |
| 20:25 | Build | Farm |
| 20:27 | Build | Farm |
| 20:33 | Build | Farm |
| 20:34 | Build | Farm |
| 20:37 | Build | Farm |
| 20:49 | Build | Farm |
| 20:54 | Create | Villager (Male) |
| 20:54 | Create | Villager (Male) |
| 20:55 | Create | Villager (Male) |
| 20:55 | Create | Villager (Male) |
| 21:11 | Research | Conscription |
| 21:17 | Research | Elite Mangudai (upgrade) |
| 21:38 | Research | Gold Shaft Mining |
| 21:39 | Research | Stone Shaft Mining |
| 22:12 | Research | Fletching |
| 22:14 | Research | Padded Archer Armor |
| 22:19 | Research | Scale Barding Armor |
| 22:29 | Research | Parthian Tactics |
| 22:36 | Research | Thumb Ring |
| 22:43 | Create | Villager (Male) ×5 |
| 23:33 | Build | Mining Camp |
| 23:45 | Build | Castle |
| 23:48 | Build | Castle |
| 24:18 | Build | House |
| 24:19 | Build | House |
| 24:20 | Build | House |
| 24:21 | Build | House |
| 24:22 | Build | House |
| 24:23 | Build | House |
| 24:24 | Build | House |
| 24:25 | Build | House |
| 24:26 | Build | House |
| 24:27 | Build | House |
| 24:28 | Build | House |
| 24:29 | Build | House |
| 24:30 | Build | House |
| 24:31 | Build | House |
| 24:32 | Build | House |
| 24:33 | Build | House |
| 24:35 | Build | House |
| 24:36 | Build | House |
| 24:37 | Build | House |
| 24:38 | Build | House |
| 24:57 | Create | Villager (Male) |
| 24:57 | Create | Villager (Male) |
| 24:57 | Create | Villager (Male) |
| 24:58 | Create | Villager (Male) ×5 |
| 25:22 | Research | Bodkin Arrow |
| 25:23 | Research | Leather Archer Armor |
| 25:23 | Research | Chain Barding Armor |
| 25:34 | Research | Siege Engineers |
| 25:44 | Create | Villager (Male) |
| 25:45 | Create | Villager (Male) |
| 25:47 | Create | Villager (Male) |
| 25:48 | Create | Villager (Male) |
| 25:55 | Build | Farm |
| 25:56 | Build | Farm |
| 25:57 | Build | Farm |
Build order — RAFFAELE
First 150 of 393 actions detected
| 0:56 | Research | Loom |
| 0:57 | Create | Villager (Male) ×5 |
| 1:31 | Create | Villager (Male) |
| 1:31 | Create | Villager (Male) |
| 1:32 | Create | Villager (Male) |
| 2:05 | Build | Mill |
| 2:47 | Build | House |
| 2:51 | Build | House |
| 2:52 | Build | House |
| 2:54 | Build | House |
| 2:55 | Build | House |
| 3:20 | Build | Lumber Camp |
| 3:35 | Create | Villager (Male) ×5 |
| 3:46 | Research | Feudal Age |
| 3:50 | Create | Villager (Male) ×5 |
| 3:51 | Create | Villager (Male) ×5 |
| 3:51 | Create | Villager (Male) ×5 |
| 3:51 | Create | Villager (Male) ×4 |
| 4:25 | Build | Palisade Wall |
| 4:39 | Age | Feudal Age |
| 5:04 | Build | Stone Wall |
| 5:32 | Research | Double-Bit Axe |
| 5:43 | Research | Horse Collar |
| 6:01 | Build | Mining Camp |
| 6:16 | Build | Stone Wall |
| 6:29 | Research | Gold Mining |
| 6:30 | Research | Stone Mining |
| 6:47 | Build | Market |
| 6:52 | Build | Blacksmith |
| 7:21 | Build | Stone Wall |
| 7:30 | Research | Castle Age |
| 7:36 | Create | Villager (Male) ×5 |
| 7:36 | Create | Villager (Male) ×5 |
| 7:36 | Create | Villager (Male) ×5 |
| 7:37 | Create | Villager (Male) ×4 |
| 7:59 | Build | Farm |
| 8:00 | Build | Farm |
| 8:00 | Build | Farm |
| 8:01 | Build | Farm |
| 8:01 | Build | Farm |
| 8:01 | Build | Farm |
| 8:20 | Build | Farm |
| 8:20 | Build | Farm |
| 8:20 | Build | Farm |
| 8:21 | Build | Farm |
| 8:21 | Build | Farm |
| 8:21 | Build | Farm |
| 8:22 | Build | Farm |
| 8:29 | Research | Fletching |
| 8:36 | Age | Castle Age |
| 9:00 | Build | Town Center |
| 9:10 | Research | Bow Saw |
| 9:19 | Create | Villager (Male) ×3 |
| 9:19 | Create | Villager (Male) ×3 |
| 9:53 | Build | Castle |
| 10:25 | Build | Town Center |
| 10:36 | Research | Stone Shaft Mining |
| 10:41 | Research | Gold Shaft Mining |
| 11:11 | Create | Villager (Male) ×5 |
| 11:11 | Create | Villager (Male) ×5 |
| 11:11 | Create | Villager (Male) ×5 |
| 11:12 | Create | Villager (Male) |
| 11:25 | Build | Town Center |
| 11:40 | Create | Villager (Male) |
| 11:40 | Create | Villager (Male) |
| 11:40 | Create | Villager (Male) |
| 11:41 | Create | Villager (Male) |
| 11:41 | Create | Villager (Male) |
| 11:41 | Create | Villager (Male) |
| 11:42 | Create | Villager (Male) |
| 12:09 | Create | Villager (Male) |
| 12:09 | Create | Villager (Male) |
| 12:09 | Create | Villager (Male) |
| 12:10 | Create | Villager (Male) |
| 12:10 | Create | Villager (Male) |
| 12:10 | Create | Villager (Male) |
| 12:47 | Build | Town Center |
| 13:09 | Build | Donjon |
| 13:11 | Build | Donjon |
| 13:12 | Build | Donjon |
| 13:13 | Build | Donjon |
| 13:15 | Build | Donjon |
| 13:37 | Research | Wheelbarrow |
| 13:38 | Research | Town Watch |
| 13:39 | Create | Villager (Male) ×5 |
| 13:39 | Create | Villager (Male) ×5 |
| 13:39 | Create | Villager (Male) ×5 |
| 13:52 | Build | Farm |
| 13:52 | Build | Farm |
| 13:53 | Build | Farm |
| 13:53 | Build | Farm |
| 13:53 | Build | Farm |
| 13:54 | Build | Farm |
| 13:54 | Build | Farm |
| 13:54 | Build | Farm |
| 13:55 | Build | Farm |
| 13:55 | Build | Farm |
| 13:55 | Build | Farm |
| 13:56 | Build | Farm |
| 13:56 | Build | Farm |
| 13:56 | Build | Farm |
| 13:57 | Build | Farm |
| 14:07 | Create | Villager (Male) |
| 14:07 | Create | Villager (Male) |
| 14:07 | Create | Villager (Male) |
| 14:08 | Create | Villager (Male) |
| 14:08 | Create | Villager (Male) ×3 |
| 14:08 | Create | Villager (Male) ×2 |
| 14:52 | Build | Mining Camp |
| 15:14 | Research | Padded Archer Armor |
| 15:15 | Research | Bodkin Arrow |
| 15:15 | Research | Scale Mail Armor |
| 15:16 | Research | Forging |
| 15:17 | Research | Scale Barding Armor |
| 15:27 | Build | University |
| 15:45 | Research | Pikeman (upgrade) |
| 15:56 | Research | Hand Cart |
| 15:57 | Research | Town Patrol |
| 15:59 | Create | Villager (Male) |
| 15:59 | Create | Villager (Male) ×2 |
| 15:59 | Create | Villager (Male) |
| 16:28 | Create | Villager (Male) |
| 16:29 | Create | Villager (Male) |
| 16:29 | Create | Villager (Male) |
| 16:29 | Create | Villager (Male) |
| 16:30 | Create | Villager (Male) |
| 16:49 | Build | Farm |
| 17:04 | Build | Donjon |
| 17:05 | Build | Donjon |
| 17:07 | Build | Donjon |
| 17:08 | Build | Donjon |
| 17:22 | Research | Imperial Age |
| 17:27 | Create | Villager (Male) ×5 |
| 17:36 | Research | Leather Archer Armor |
| 17:37 | Research | Iron Casting |
| 17:44 | Research | Murder Holes |
| 17:50 | Research | Masonry |
| 17:52 | Research | Ballistics |
| 17:58 | Create | Villager (Male) ×3 |
| 17:58 | Create | Villager (Male) ×3 |
| 17:59 | Create | Villager (Male) |
| 18:12 | Build | Monastery |
| 18:24 | Research | Heavy Plow |
| 18:46 | Build | Donjon |
| 18:48 | Build | Donjon |
| 18:49 | Age | Imperial Age |
| 18:49 | Build | Donjon |
| 18:51 | Build | Donjon |
| 18:52 | Build | Donjon |
| 18:58 | Research | Bracer |
Build order —
First 150 of 454 actions detected
| 0:00 | Build | Barracks |
| 0:26 | Build | Mill |
| 0:30 | Build | Lumber Camp |
| 0:48 | Build | House |
| 0:49 | Build | House |
| 0:49 | Build | House |
| 0:50 | Build | House |
| 0:51 | Research | Tech None |
| 0:51 | Build | House |
| 0:51 | Build | Barracks |
| 0:52 | Build | Barracks |
| 1:30 | Build | Lumber Camp |
| 1:53 | Build | House |
| 2:07 | Build | Farm |
| 2:08 | Research | Tech None |
| 2:08 | Build | Farm |
| 2:09 | Build | Farm |
| 2:09 | Research | Tech None |
| 2:09 | Build | Market |
| 2:10 | Build | Blacksmith |
| 2:32 | Research | Tech None |
| 3:37 | Research | Tech None |
| 3:37 | Build | Castle |
| 3:37 | Build | Town Center |
| 3:39 | Build | Town Center |
| 3:39 | Research | Tech None |
| 4:06 | Build | Castle |
| 4:37 | Research | Tech None |
| 4:52 | Build | Mining Camp |
| 5:21 | Research | Tech None |
| 5:26 | Build | Farm |
| 5:29 | Build | Farm |
| 5:51 | Build | Farm |
| 5:55 | Build | Monastery |
| 5:55 | Build | Monastery |
| 6:01 | Research | Tech None |
| 6:11 | Build | Archery Range |
| 6:19 | Build | Farm |
| 6:25 | Build | Farm |
| 6:36 | Build | Farm |
| 6:37 | Build | Archery Range |
| 7:00 | Build | Farm |
| 7:03 | Build | Farm |
| 7:07 | Build | Farm |
| 7:09 | Build | Farm |
| 7:17 | Build | Farm |
| 7:29 | Build | Farm |
| 7:29 | Research | Tech None |
| 7:31 | Research | Tech None |
| 7:31 | Build | Lumber Camp |
| 7:32 | Research | Tech None |
| 7:36 | Build | Farm |
| 7:37 | Research | Tech None |
| 7:47 | Build | Farm |
| 7:48 | Build | Farm |
| 7:49 | Build | Farm |
| 7:50 | Research | Tech None |
| 7:56 | Build | Farm |
| 8:00 | Research | Tech None |
| 8:11 | Build | University |
| 8:18 | Research | Tech None |
| 8:20 | Build | University |
| 8:21 | Build | Farm |
| 8:26 | Build | Farm |
| 8:28 | Research | Tech None |
| 8:39 | Build | University |
| 8:47 | Research | Tech None |
| 8:48 | Research | Tech None |
| 8:51 | Build | Farm |
| 8:59 | Research | Tech None |
| 9:05 | Research | Tech None |
| 9:05 | Build | Town Center |
| 9:12 | Build | Farm |
| 9:14 | Research | Tech None |
| 9:15 | Build | Town Center |
| 9:24 | Build | Barracks |
| 9:29 | Build | Barracks |
| 9:36 | Research | Tech None |
| 9:51 | Build | Barracks |
| 9:55 | Build | Market |
| 9:55 | Build | Siege Workshop |
| 9:59 | Research | Tech None |
| 10:02 | Build | House |
| 10:03 | Build | House |
| 10:03 | Build | House |
| 10:12 | Build | Market |
| 10:12 | Build | Siege Workshop |
| 10:16 | Build | Market |
| 10:16 | Build | Siege Workshop |
| 10:21 | Build | House |
| 10:22 | Research | Tech None |
| 10:37 | Build | Siege Workshop |
| 10:39 | Build | Mining Camp |
| 10:42 | Build | Siege Workshop |
| 10:52 | Build | Lumber Camp |
| 10:53 | Build | House |
| 10:56 | Research | Tech None |
| 10:58 | Build | House |
| 10:59 | Build | House |
| 11:01 | Build | Barracks |
| 11:10 | Build | Barracks |
| 11:14 | Build | House |
| 11:15 | Build | House |
| 11:16 | Research | Tech None |
| 11:19 | Build | Stable |
| 11:23 | Build | Castle |
| 11:25 | Build | Mining Camp |
| 11:28 | Research | Tech None |
| 11:42 | Build | Farm |
| 11:50 | Build | Stable |
| 11:55 | Build | Stable |
| 11:56 | Build | Farm |
| 11:57 | Build | Farm |
| 11:58 | Build | House |
| 11:58 | Build | House |
| 11:59 | Build | House |
| 12:00 | Build | Archery Range |
| 12:02 | Build | Archery Range |
| 12:06 | Build | Archery Range |
| 12:10 | Build | Farm |
| 12:13 | Build | Archery Range |
| 12:14 | Build | Farm |
| 12:16 | Research | Tech None |
| 12:22 | Research | Tech None |
| 12:28 | Build | Farm |
| 12:29 | Research | Tech None |
| 12:31 | Build | Farm |
| 12:34 | Build | Farm |
| 12:39 | Build | Archery Range |
| 12:41 | Build | Siege Workshop |
| 12:45 | Build | Farm |
| 12:51 | Build | House |
| 12:52 | Build | House |
| 12:52 | Build | House |
| 12:55 | Build | Siege Workshop |
| 13:01 | Build | House |
| 13:02 | Research | Tech None |
| 13:02 | Build | Farm |
| 13:05 | Build | Siege Workshop |
| 13:06 | Build | House |
| 13:10 | Build | Farm |
| 13:13 | Build | House |
| 13:19 | Build | Siege Workshop |
| 13:26 | Build | Siege Workshop |
| 13:30 | Build | Siege Workshop |
| 13:31 | Build | House |
| 13:32 | Build | House |
| 13:36 | Build | Castle |
| 13:37 | Build | House |
| 13:40 | Build | Farm |
Build order —
First 150 of 413 actions detected
| 0:00 | Build | Barracks |
| 0:26 | Build | Mill |
| 0:30 | Build | Lumber Camp |
| 0:31 | Build | Lumber Camp |
| 0:53 | Research | Tech None |
| 0:53 | Build | Barracks |
| 1:27 | Build | Barracks |
| 1:30 | Build | Lumber Camp |
| 2:07 | Research | Tech None |
| 2:07 | Build | Farm |
| 2:08 | Research | Tech None |
| 2:08 | Build | Farm |
| 2:09 | Build | Market |
| 2:09 | Research | Tech None |
| 2:09 | Build | Blacksmith |
| 2:42 | Research | Tech None |
| 3:46 | Research | Tech None |
| 3:46 | Build | Castle |
| 3:47 | Build | Town Center |
| 3:49 | Build | Town Center |
| 3:49 | Research | Tech None |
| 3:53 | Research | Tech None |
| 4:25 | Research | Tech None |
| 5:44 | Build | Monastery |
| 5:44 | Build | Monastery |
| 5:58 | Build | Farm |
| 6:07 | Build | Archery Range |
| 6:22 | Build | Farm |
| 6:24 | Build | Farm |
| 6:26 | Build | Archery Range |
| 7:07 | Build | Farm |
| 7:07 | Build | Farm |
| 7:33 | Build | Farm |
| 7:42 | Build | Farm |
| 7:47 | Build | Farm |
| 7:49 | Research | Tech None |
| 7:49 | Build | Siege Workshop |
| 7:50 | Research | Tech None |
| 8:02 | Build | Farm |
| 8:06 | Research | Tech None |
| 8:10 | Build | Farm |
| 8:15 | Build | Farm |
| 8:18 | Build | Farm |
| 8:26 | Research | Tech None |
| 8:28 | Build | Farm |
| 8:29 | Build | Farm |
| 8:33 | Build | Stable |
| 8:50 | Research | Tech None |
| 8:53 | Research | Tech None |
| 8:54 | Research | Tech None |
| 9:04 | Build | Town Center |
| 9:06 | Build | Farm |
| 9:08 | Research | Tech None |
| 9:11 | Build | Mining Camp |
| 9:16 | Build | Farm |
| 9:18 | Research | Tech None |
| 9:19 | Build | Farm |
| 9:31 | Research | Tech None |
| 9:37 | Build | Farm |
| 9:37 | Build | Farm |
| 9:43 | Build | Farm |
| 9:51 | Research | Tech None |
| 9:54 | Build | Lumber Camp |
| 10:00 | Build | Lumber Camp |
| 10:00 | Research | Tech None |
| 10:01 | Research | Tech None |
| 10:04 | Build | Stable |
| 10:10 | Build | Stable |
| 10:21 | Build | Mining Camp |
| 10:24 | Build | University |
| 10:43 | Research | Tech None |
| 10:44 | Research | Tech None |
| 10:45 | Research | Tech None |
| 10:47 | Build | Stable |
| 10:56 | Build | Stable |
| 10:59 | Build | Farm |
| 11:01 | Research | Tech None |
| 11:04 | Build | Stable |
| 11:23 | Build | Farm |
| 11:28 | Build | Stable |
| 11:30 | Build | Stable |
| 11:35 | Build | Stable |
| 11:40 | Build | Farm |
| 11:54 | Build | Stable |
| 11:56 | Research | Tech None |
| 11:56 | Build | Stable |
| 11:58 | Build | Siege Workshop |
| 11:58 | Build | Stable |
| 12:04 | Build | Archery Range |
| 12:15 | Build | Archery Range |
| 12:20 | Research | Tech None |
| 12:24 | Build | Archery Range |
| 12:27 | Build | Archery Range |
| 12:35 | Build | Archery Range |
| 12:38 | Build | Market |
| 12:41 | Build | Barracks |
| 12:42 | Research | Tech None |
| 12:42 | Build | Barracks |
| 12:46 | Build | Farm |
| 12:49 | Build | Siege Workshop |
| 12:51 | Research | Tech None |
| 12:52 | Build | Farm |
| 12:53 | Build | Farm |
| 12:54 | Build | Farm |
| 12:55 | Build | Farm |
| 12:55 | Build | Market |
| 12:56 | Build | Farm |
| 12:57 | Build | Farm |
| 12:58 | Build | Farm |
| 13:00 | Build | Farm |
| 13:04 | Build | Farm |
| 13:13 | Build | Farm |
| 13:15 | Build | Farm |
| 13:16 | Research | Tech None |
| 13:16 | Research | Tech None |
| 13:16 | Build | Farm |
| 13:21 | Build | Farm |
| 13:22 | Build | Farm |
| 13:24 | Build | Farm |
| 13:28 | Build | Siege Workshop |
| 13:30 | Build | Siege Workshop |
| 13:34 | Build | Farm |
| 13:35 | Build | Farm |
| 13:36 | Build | Siege Workshop |
| 13:41 | Build | Siege Workshop |
| 13:43 | Build | Farm |
| 13:45 | Build | Market |
| 13:47 | Research | Tech None |
| 13:53 | Build | Farm |
| 13:55 | Build | Farm |
| 13:56 | Build | Farm |
| 13:59 | Build | Market |
| 14:00 | Build | Lumber Camp |
| 14:05 | Build | Farm |
| 14:06 | Build | Farm |
| 14:06 | Build | Castle |
| 14:07 | Build | Mining Camp |
| 14:08 | Build | Farm |
| 14:19 | Research | Tech None |
| 14:24 | Research | Tech None |
| 14:25 | Build | Farm |
| 14:33 | Build | Farm |
| 14:44 | Build | Farm |
| 14:53 | Build | Farm |
| 14:54 | Build | Farm |
| 14:55 | Build | Mill |
| 14:56 | Build | Farm |
| 14:57 | Build | Farm |
| 14:58 | Build | Farm |
| 14:59 | Build | Farm |
Build order —
First 150 of 399 actions detected
| 0:00 | Build | Barracks |
| 0:26 | Build | Mill |
| 0:30 | Build | Lumber Camp |
| 0:49 | Build | House |
| 0:50 | Build | House |
| 0:51 | Research | Tech None |
| 0:51 | Build | House |
| 0:51 | Build | House |
| 0:52 | Build | House |
| 0:53 | Build | Barracks |
| 1:01 | Research | Tech None |
| 1:02 | Research | Tech None |
| 1:30 | Build | Lumber Camp |
| 2:03 | Build | House |
| 2:03 | Build | House |
| 2:04 | Build | House |
| 2:07 | Build | Farm |
| 2:08 | Build | Farm |
| 2:09 | Build | Market |
| 2:09 | Build | Blacksmith |
| 3:22 | Research | Tech None |
| 3:22 | Research | Tech None |
| 4:14 | Build | Market |
| 4:26 | Research | Tech None |
| 4:26 | Research | Tech None |
| 4:26 | Build | Castle |
| 4:27 | Build | Town Center |
| 4:28 | Build | Siege Workshop |
| 4:55 | Research | Tech None |
| 5:15 | Build | Mining Camp |
| 5:33 | Build | Monastery |
| 5:44 | Research | Tech None |
| 6:12 | Research | Tech None |
| 6:15 | Research | Tech None |
| 6:15 | Build | Farm |
| 6:28 | Build | Stable |
| 6:36 | Build | Stable |
| 6:50 | Research | Tech None |
| 6:51 | Build | Stable |
| 7:13 | Build | Stable |
| 7:26 | Build | Stable |
| 7:27 | Build | Stable |
| 7:30 | Build | Market |
| 7:50 | Build | Stable |
| 8:00 | Build | Stable |
| 8:13 | Build | Stable |
| 8:17 | Research | Tech None |
| 8:35 | Build | Town Center |
| 8:48 | Research | Tech None |
| 8:50 | Build | Farm |
| 8:50 | Build | Farm |
| 8:52 | Build | Farm |
| 8:55 | Build | Farm |
| 8:58 | Build | Farm |
| 9:06 | Research | Tech None |
| 9:09 | Build | Farm |
| 9:10 | Build | Farm |
| 9:11 | Research | Tech None |
| 9:11 | Build | Farm |
| 9:13 | Build | Farm |
| 9:17 | Build | Farm |
| 9:25 | Build | Market |
| 9:31 | Build | Farm |
| 9:40 | Research | Tech None |
| 9:40 | Build | Town Center |
| 9:48 | Research | Tech None |
| 9:56 | Build | Farm |
| 10:01 | Build | Farm |
| 10:14 | Build | Town Center |
| 10:18 | Build | Farm |
| 10:23 | Build | Town Center |
| 10:29 | Build | Town Center |
| 10:40 | Build | Town Center |
| 10:41 | Build | Farm |
| 10:50 | Build | Farm |
| 10:58 | Build | Town Center |
| 11:07 | Build | Town Center |
| 11:13 | Research | Tech None |
| 11:16 | Build | House |
| 11:16 | Build | House |
| 11:19 | Build | Lumber Camp |
| 11:19 | Build | House |
| 11:27 | Research | Tech None |
| 11:30 | Build | University |
| 11:35 | Research | Tech None |
| 11:38 | Build | Siege Workshop |
| 11:41 | Build | Lumber Camp |
| 11:43 | Build | Siege Workshop |
| 11:50 | Build | Stable |
| 12:19 | Build | Farm |
| 12:21 | Build | Archery Range |
| 12:22 | Research | Tech None |
| 12:25 | Build | Archery Range |
| 12:28 | Build | Archery Range |
| 12:34 | Build | Farm |
| 12:35 | Build | Farm |
| 12:39 | Build | Barracks |
| 12:41 | Build | Archery Range |
| 12:45 | Research | Tech None |
| 12:47 | Build | Farm |
| 12:50 | Build | Barracks |
| 13:06 | Research | Tech None |
| 13:06 | Build | Farm |
| 13:07 | Build | House |
| 13:11 | Build | Archery Range |
| 13:13 | Build | House |
| 13:13 | Build | House |
| 13:17 | Research | Tech None |
| 13:19 | Build | Farm |
| 13:21 | Build | House |
| 13:24 | Build | Barracks |
| 13:26 | Build | Mining Camp |
| 13:28 | Build | Barracks |
| 13:31 | Build | Barracks |
| 13:33 | Research | Tech None |
| 13:37 | Build | Farm |
| 13:50 | Research | Tech None |
| 13:55 | Build | Farm |
| 13:55 | Build | Farm |
| 13:56 | Build | Farm |
| 13:58 | Build | House |
| 13:58 | Build | House |
| 13:59 | Build | House |
| 14:00 | Build | Barracks |
| 14:02 | Build | Siege Workshop |
| 14:04 | Research | Tech None |
| 14:05 | Build | Siege Workshop |
| 14:07 | Research | Tech None |
| 14:09 | Build | Farm |
| 14:10 | Build | Siege Workshop |
| 14:11 | Build | Siege Workshop |
| 14:12 | Research | Tech None |
| 14:20 | Build | Farm |
| 14:21 | Build | Farm |
| 14:28 | Build | House |
| 14:32 | Build | House |
| 14:33 | Build | House |
| 14:34 | Build | Farm |
| 14:36 | Research | Tech None |
| 14:39 | Build | House |
| 14:47 | Build | House |
| 14:48 | Build | House |
| 14:52 | Build | Farm |
| 15:04 | Build | House |
| 15:09 | Build | House |
| 15:10 | Build | Farm |
| 15:11 | Build | House |
| 15:14 | Build | House |
| 15:21 | Build | Farm |
| 15:21 | Build | Farm |
Build order —
First 150 of 437 actions detected
| 0:00 | Build | Barracks |
| 0:26 | Build | Mill |
| 0:30 | Build | Lumber Camp |
| 0:53 | Research | Tech None |
| 0:53 | Build | House |
| 0:54 | Build | House |
| 0:55 | Build | House |
| 0:55 | Build | House |
| 0:56 | Build | House |
| 0:56 | Build | Barracks |
| 1:06 | Build | House |
| 1:07 | Build | House |
| 1:11 | Build | House |
| 1:30 | Build | Lumber Camp |
| 2:05 | Build | Barracks |
| 2:07 | Build | Market |
| 2:08 | Research | Tech None |
| 2:08 | Build | Farm |
| 2:09 | Build | Farm |
| 2:09 | Research | Tech None |
| 2:09 | Build | Blacksmith |
| 2:57 | Research | Tech None |
| 4:01 | Research | Tech None |
| 4:01 | Build | Castle |
| 4:02 | Build | Town Center |
| 4:03 | Build | Town Center |
| 4:08 | Build | Farm |
| 4:52 | Research | Tech None |
| 5:30 | Research | Tech None |
| 6:03 | Research | Tech None |
| 6:04 | Research | Tech None |
| 6:13 | Build | Farm |
| 6:19 | Build | Farm |
| 6:19 | Build | Farm |
| 6:28 | Build | Farm |
| 6:39 | Research | Tech None |
| 6:47 | Build | Farm |
| 6:53 | Build | Farm |
| 6:59 | Research | Tech None |
| 7:00 | Build | Farm |
| 7:03 | Build | Farm |
| 7:06 | Build | Farm |
| 7:19 | Build | Monastery |
| 7:19 | Build | Monastery |
| 7:23 | Research | Tech None |
| 7:28 | Build | Farm |
| 7:33 | Build | Farm |
| 7:38 | Build | Farm |
| 7:46 | Research | Tech None |
| 8:05 | Build | Farm |
| 8:06 | Build | Farm |
| 8:08 | Build | Farm |
| 8:12 | Build | Stable |
| 8:17 | Build | Farm |
| 8:26 | Research | Tech None |
| 8:30 | Build | Stable |
| 8:38 | Build | Farm |
| 8:51 | Build | Farm |
| 8:57 | Build | Barracks |
| 9:01 | Build | Stable |
| 9:14 | Build | Market |
| 9:19 | Research | Tech None |
| 9:28 | Research | Tech None |
| 9:28 | Build | Town Center |
| 9:48 | Research | Tech None |
| 9:53 | Build | Town Center |
| 9:59 | Build | Town Center |
| 10:03 | Build | Town Center |
| 10:04 | Build | Lumber Camp |
| 10:06 | Build | Mining Camp |
| 10:14 | Research | Tech None |
| 10:24 | Build | House |
| 10:25 | Build | House |
| 10:26 | Build | House |
| 10:26 | Research | Tech None |
| 10:27 | Research | Tech None |
| 10:28 | Research | Tech None |
| 10:29 | Build | Lumber Camp |
| 10:35 | Build | Stable |
| 10:37 | Build | Stable |
| 10:44 | Research | Tech None |
| 11:00 | Build | Archery Range |
| 11:10 | Build | University |
| 11:13 | Build | Archery Range |
| 11:14 | Research | Tech None |
| 11:19 | Build | Archery Range |
| 11:22 | Build | Market |
| 11:25 | Build | Archery Range |
| 11:26 | Build | Archery Range |
| 11:27 | Build | Castle |
| 11:34 | Build | Mining Camp |
| 11:39 | Research | Tech None |
| 11:47 | Build | Market |
| 11:49 | Build | Archery Range |
| 11:50 | Research | Tech None |
| 11:51 | Build | Farm |
| 11:57 | Build | Market |
| 11:57 | Build | Siege Workshop |
| 11:58 | Build | Siege Workshop |
| 11:59 | Build | Siege Workshop |
| 12:00 | Build | Archery Range |
| 12:09 | Build | House |
| 12:10 | Build | House |
| 12:10 | Build | Farm |
| 12:11 | Build | Farm |
| 12:11 | Build | House |
| 12:12 | Build | Farm |
| 12:18 | Build | Farm |
| 12:21 | Build | Siege Workshop |
| 12:27 | Build | Farm |
| 12:27 | Build | Archery Range |
| 12:28 | Build | Farm |
| 12:30 | Research | Tech None |
| 12:33 | Research | Tech None |
| 12:39 | Build | Archery Range |
| 12:42 | Build | Farm |
| 12:42 | Build | Market |
| 12:45 | Build | Barracks |
| 12:47 | Research | Tech None |
| 12:47 | Build | Barracks |
| 12:48 | Build | Barracks |
| 13:02 | Build | Barracks |
| 13:05 | Build | Farm |
| 13:06 | Build | Barracks |
| 13:09 | Research | Tech None |
| 13:11 | Build | Siege Workshop |
| 13:23 | Research | Tech None |
| 13:23 | Build | Siege Workshop |
| 13:26 | Build | Market |
| 13:26 | Build | Castle |
| 13:28 | Build | Mining Camp |
| 13:28 | Build | Siege Workshop |
| 13:32 | Build | Siege Workshop |
| 13:36 | Build | House |
| 13:37 | Build | Siege Workshop |
| 13:40 | Research | Tech None |
| 13:40 | Build | Siege Workshop |
| 13:49 | Build | House |
| 13:50 | Build | House |
| 13:51 | Build | House |
| 13:55 | Build | Farm |
| 14:02 | Build | House |
| 14:08 | Research | Tech None |
| 14:08 | Build | Farm |
| 14:08 | Build | House |
| 14:09 | Build | Farm |
| 14:16 | Build | Market |
| 14:20 | Build | Farm |
| 14:25 | Build | Farm |
| 14:27 | Research | Tech None |
Match timeline
| 0:00 | · first_building Barracks |
| 0:00 | · first_building Barracks |
| 0:00 | · first_building Barracks |
| 0:00 | · first_building Barracks |
| 0:31 | F1sh1314 · wall_segment Palisade Wall x22 |
| 2:12 | 3358262197 · age_up feudal |
| 2:21 | 建安军神 · age_up feudal |
| 2:34 | F1sh1314 · first_building Dock |
| 3:37 | · first_building Castle |
| 3:46 | · first_building Castle |
| 4:01 | · first_building Castle |
| 4:06 | 3358262197 · wall_segment Stone Wall x13 |
| 4:08 | 3358262197 · wall_segment Stone Wall x19 |
| 4:11 | 建安军神 · first_building Barracks |
| 4:25 | RAFFAELE · wall_segment Palisade Wall x16 |
| 4:26 | · first_building Castle |
| 4:27 | · first_market_sell 100 food |
| 4:28 | · first_building Siege Workshop |
| 4:39 | RAFFAELE · age_up feudal |
| 4:43 | 3358262197 · age_up castle |
| 4:59 | 建安军神 · first_building Archery Range |
| 5:04 | RAFFAELE · wall_segment Stone Wall x16 |
| 5:05 | F1sh1314 · age_up feudal |
| 5:33 | · first_building Monastery |
| 5:44 | · first_building Monastery |
| 5:55 | · first_building Monastery |
| 6:07 | · first_building Archery Range |
| 6:11 | · first_building Archery Range |
| 6:16 | RAFFAELE · wall_segment Stone Wall x12 |
| 6:28 | · first_building Stable |
| 6:32 | F1sh1314 · wall_segment Stone Wall x19 |
| 6:33 | F1sh1314 · wall_segment Stone Wall x4 |
| 6:36 | F1sh1314 · wall_segment Stone Wall x1 |
| 6:52 | 建安军神 · age_up castle |
| 7:10 | · first_market_sell 100 wood |
| 7:10 | · first_market_sell 100 wood |
| 7:19 | · first_building Monastery |
| 7:21 | RAFFAELE · wall_segment Stone Wall x10 |
| 7:28 | 3358262197 · wall_segment Stone Wall x21 |
| 7:32 | 3358262197 · wall_segment Stone Wall x1 |
| 7:37 | 3358262197 · wall_segment Stone Wall x3 |
| 7:39 | 3358262197 · wall_segment Stone Wall x7 |
| 7:49 | · first_building Siege Workshop |
| 8:03 | F1sh1314 · age_up castle |
| 8:12 | · first_building Stable |
| 8:33 | · first_building Stable |
| 8:36 | RAFFAELE · age_up castle |
| 8:53 | RAFFAELE · first_market_buy 500 wood |
| 9:24 | F1sh1314 · wall_segment Stone Wall x20 |
| 9:53 | RAFFAELE · first_building Castle |
| 9:55 | · first_building Siege Workshop |
| 10:27 | · first_market_sell 100 food |
| 11:00 | · first_building Archery Range |
| 11:19 | · first_building Stable |
| 11:20 | · first_market_buy 100 stone |
| 11:55 | 建安军神 · first_building Monastery |
| 11:57 | · first_building Siege Workshop |
| 12:21 | · first_building Archery Range |
| 13:09 | RAFFAELE · first_building Donjon |
| 13:23 | · first_market_buy 100 food |
| 13:31 | · first_market_buy 100 food |
| 13:32 | 3358262197 · wall_segment Stone Wall x6 |
| 13:35 | 3358262197 · wall_segment Stone Wall x24 |
| 13:40 | 3358262197 · wall_segment Stone Wall x6 |
| 13:42 | 3358262197 · wall_segment Stone Wall x22 |
| 13:46 | 3358262197 · wall_segment Stone Wall x6 |
| 13:48 | 3358262197 · wall_segment Stone Wall x24 |
| 14:25 | 3358262197 · first_building Monastery |
| 15:20 | F1sh1314 · wall_segment Stone Wall x19 |
| 16:12 | 建安军神 · first_building Castle |
| 16:17 | 3358262197 · wall_segment Stone Wall x10 |
| 16:20 | 3358262197 · wall_segment Stone Wall x9 |
| 16:56 | F1sh1314 · first_building Barracks |
| 17:07 | F1sh1314 · first_building Castle |
| 17:15 | F1sh1314 · first_building Monastery |
| 17:24 | F1sh1314 · first_building Siege Workshop |
| 17:39 | 3358262197 · age_up imperial |
| 17:46 | F1sh1314 · wall_segment Stone Wall x18 |
| 17:56 | 3358262197 · first_building Castle |
| 18:12 | RAFFAELE · first_building Monastery |
| 18:16 | 3358262197 · wall_segment Stone Wall x8 |
| 18:19 | 3358262197 · wall_segment Stone Wall x9 |
| 18:24 | 3358262197 · wall_segment Stone Wall x8 |
| 18:27 | 3358262197 · wall_segment Stone Wall x9 |
| 18:30 | 3358262197 · wall_segment Stone Wall x10 |
| 18:34 | 建安军神 · age_up imperial |
| 18:46 | F1sh1314 · wall_segment Stone Wall x21 |
| 18:49 | RAFFAELE · age_up imperial |
| 19:28 | F1sh1314 · first_building Stable |
| 19:36 | 3358262197 · wall_segment Stone Wall x6 |
| 19:39 | 3358262197 · wall_segment Stone Wall x22 |
| 19:49 | 3358262197 · wall_segment Stone Wall x8 |
| 19:53 | 3358262197 · wall_segment Stone Wall x8 |
| 19:56 | F1sh1314 · age_up imperial |
| 19:57 | 3358262197 · wall_segment Stone Wall x9 |
| 20:00 | 3358262197 · wall_segment Stone Wall x8 |
| 20:04 | 3358262197 · wall_segment Stone Wall x9 |
| 20:07 | 3358262197 · wall_segment Stone Wall x8 |
| 20:10 | 3358262197 · wall_segment Stone Wall x8 |
| 20:12 | 3358262197 · wall_segment Stone Wall x8 |
| 21:55 | F1sh1314 · wall_segment Stone Wall x23 |
| 22:43 | 3358262197 · wall_segment Stone Wall x16 |
| 23:40 | F1sh1314 · wall_segment Stone Wall x20 |
| 24:22 | · first_market_buy 100 stone |
| 25:02 | 3358262197 · first_market_buy 500 stone |
| 25:18 | 3358262197 · wall_segment Stone Wall x1 |
| 25:20 | 3358262197 · wall_segment Stone Wall x15 |
| 25:25 | 3358262197 · wall_segment Stone Wall x14 |
| 25:26 | RAFFAELE · first_building Siege Workshop |
| 25:28 | 3358262197 · wall_segment Stone Wall x15 |
| 25:30 | 3358262197 · wall_segment Stone Wall x14 |
| 25:32 | 3358262197 · wall_segment Stone Wall x11 |
| 25:34 | 3358262197 · wall_segment Stone Wall x11 |
| 25:37 | 3358262197 · wall_segment Stone Wall x11 |
| 25:40 | 3358262197 · wall_segment Stone Wall x12 |
| 26:11 | 3358262197 · wall_segment Stone Wall x8 |
| 26:13 | 3358262197 · wall_segment Stone Wall x7 |
| 26:16 | 3358262197 · wall_segment Stone Wall x12 |
| 26:20 | 3358262197 · wall_segment Stone Wall x11 |
| 26:22 | 3358262197 · wall_segment Stone Wall x12 |
| 26:25 | 3358262197 · wall_segment Stone Wall x13 |
| 26:27 | 3358262197 · wall_segment Stone Wall x13 |
| 26:30 | 3358262197 · wall_segment Stone Wall x15 |
| 26:40 | 3358262197 · wall_segment Stone Wall x9 |
| 26:43 | 3358262197 · wall_segment Stone Wall x11 |
| 26:45 | 3358262197 · wall_segment Stone Wall x11 |
| 26:48 | 3358262197 · wall_segment Stone Wall x12 |
| 26:50 | 3358262197 · wall_segment Stone Wall x9 |
| 26:53 | 3358262197 · wall_segment Stone Wall x10 |
| 29:23 | 建安军神 · first_building Siege Workshop |
| 31:12 | 建安军神 · first_building Stable |
| 33:32 | 3358262197 · wall_segment Stone Wall x10 |
| 33:36 | 3358262197 · wall_segment Stone Wall x9 |
[ AI ANALYSIS · 1 CREDIT ]
What really happened in this match?
Wolo.gg analyzes every decision: build order, eco, micro, common mistakes by bracket. Personalized analysis on WhatsApp or Discord in 30 seconds.
Civ guide
Saracens
Perfil
Jugador #348856